 Dungeon Crawl Stone Soup version 0.24-a0-784-g601f8f6d22 (webtiles) character file.

Game seed: 9650354844303644360, levelgen mode: deterministic

273 Johnny the Digger (level 5, -8/41 HPs)
             Began as a Demigod Earth Elementalist on Oct 9, 2019.
             Mangled by an ogre
             ... wielding a +0 giant club
              (18 damage)
             ... on level 4 of the Dungeon.
             The game lasted 00:04:26 (3988 turns).

Johnny the Digger (Demigod Earth Elementalist)      Turns: 3988, Time: 00:04:26

Health: -8/41      AC:  3    Str: 11    XL:     5   Next: 71%
Magic:  5/12       EV: 13    Int: 21    God:
Gold:   199        SH:  2    Dex: 16    Spells: 5/9 levels left

rFire    . . .     SeeInvis .   h - +0 short sword
rCold    . . .     Gourm    .   (no shield)
rNeg     . . .     Faith    .   c - +0 robe
rPois    +         Spirit   .   (no helmet)
rElec    .         Reflect  +   (no cloak)
rCorr    .         Harm     .   t - +0 pair of gloves
MR       .....                  (no boots)
Stlth    ++........             s - +2 amulet of reflection
HPRegen  0.13/turn              q - ring of poison resistance
MPRegen  0.13/turn              (no ring)

@: very slightly contaminated
A: high mp 1
a: no special abilities


You were on level 4 of the Dungeon.
You were hungry.

You visited 1 branch of the dungeon, and saw 4 of its levels.
You also visited: Sewer.

You collected 199 gold pieces.

Inventory:

Hand Weapons
 g - a +0 vampiric dagger
 h - a +0 short sword (weapon)
Armour
 c - a +0 robe (worn)
 t - a +0 pair of gloves (worn)
Jewellery
 b - an uncursed amulet of guardian spirit {unknown}
 q - a ring of poison resistance (left hand)
 s - a +2 amulet of reflection (around neck)
Scrolls
 f - 2 scrolls of remove curse
 j - a scroll of fear
 k - 4 scrolls of fog {unknown}
 l - 4 scrolls of teleportation {unknown}
 w - 4 scrolls of magic mapping {unknown}
Potions
 a - 2 potions of curing
 i - a potion of agility {unknown}
 m - a potion of resistance {unknown}
 o - a potion of magic
 p - 3 potions of haste {unknown}
 r - a potion of brilliance {unknown}
 u - a potion of degeneration {unknown}
 v - a potion of lignification {unknown}
 x - a potion of berserk rage {unknown}
 z - 2 potions of mutation {unknown}
Comestibles
 d - 9 rations
 n - a chunk of flesh


   Skills:
 - Level 1.9 Fighting
 + Level 3.0 Dodging
 - Level 1.7 Stealth
 + Level 2.8 Spellcasting
   Level 0.8 Transmutations
 * Level 4.5 Earth Magic


You had 5 spell levels left.
You knew the following spells:

 Your Spells              Type           Power        Failure   Level  Hunger
a - Sandblast             Erth           ###...       2%          1    None
b - Stone Arrow           Conj/Erth      ##....       16%         3    ###....

Your spell library contained the following spells:

 Spells                   Type           Power        Failure   Level  Hunger
 Passwall                 Tmut/Erth      ##......     7%          2    ##.....
 Petrify                  Tmut/Erth      ##......     41%         4    ####...
 Lee's Rapid Deconstruct  Erth           ###.......   52%         5    ######.


Dungeon Overview and Level Annotations

Branches:
Dungeon (4/15)              Sewer (visited)
 Temple: D:4-7

Shops:
D:4 :

Annotations:
D:3 1 transporter


Innate Abilities, Weirdness & Mutations

You have an increased reservoir of magic. (+10% MP)


Message History

You miscast Stone Arrow.
You are very lightly contaminated with residual magic.
Sand pours from your hands.
You hear some strange, mumbled words.
A magic dart appears from out of thin air!
The magic dart hits you!
* * * LOW HITPOINT WARNING * * *
Casting: Stone Arrow (safe; 17% risk of failure)
Confirm with . or Enter, or press ? or * to list all spells.
Aiming: Stone Arrow (safe; 17% risk of failure)
Press: ? - help, Shift-Dir - straight line, f/p - ogre
Aim: an ogre, wielding a +0 giant club (heavily wounded)
The stone arrow hits something!
Reactivating autopickup.
You feel a bit more experienced.
Unknown command.
As you read the scroll of fear, it crumbles to dust.
You assume a fearsome visage.
The ogre resists with some effort.
The ogre hits you with a +0 giant club!!
You die...

#.#........# #
#.#####..#.#
#.######
#..........#
#.)O...#
########...#
######.# #...# #.#
##..# #.# ##
#######..# #.# .#
#........########.#
.#
#............@O.#)#
.#
#.........#####.#.#
.###..........#
#.#.#
......####....##
#.#.# #####.#
#.....# #.#.#
......#
#.....###...#
####..#
#...#..######.#
#..#
#...#..#......#
#..#
#...#....######


You could see an ogre.

Vanquished Creatures
  2 orc wizards (D:4)
  A worker ant (D:4)
  5 river rats (Sewer)
  7 adders
  A dart slug (D:4)
  3 leopard geckos
  2 orcs (D:4)
  4 ball pythons
  6 bats
  5 giant cockroaches
  6 hobgoblins
  2 jackals (D:1)
  9 kobolds
  7 frilled lizards
  8 goblins
  19 rats
87 creatures vanquished.

Notes
Turn   | Place    | Note
-------+----------+-------------------------------------------
     0 | D:1      | Johnny the Demigod Earth Elementalist began the quest for
                  | the Orb.
     0 | D:1      | Reached XP level 1. HP: 14/14 MP: 5/5
   351 | D:1      | Reached skill level 3 in Earth Magic
   351 | D:1      | Reached XP level 2. HP: 19/22 MP: 4/7
  1013 | D:1      | Reached XP level 3. HP: 27/27 MP: 8/8
  1167 | D:2      | You fall into a shaft and drop 1 floor!
  1170 | D:3      | Reached skill level 1 in Fighting
  1673 | D:3      | Found a sparkling altar of Nemelex Xobeh.
  1673 | D:3      | Found a transporter.
  2066 | D:2      | Found a glowing silver altar of Zin.
  2294 | D:2      | Reached XP level 4. HP: 35/35 MP: 7/10
  2493 | D:4      | Found Zenaf's Book Shoppe.
  2642 | D:4      | Found a glowing drain.
  2658 | Sewer    | Entered a sewer
  2900 | Sewer    | Learned a level 3 spell: Stone Arrow
  2906 | Sewer    | Reached skill level 4 in Earth Magic
  3092 | Sewer    | Reached XP level 5. HP: 40/41 MP: 7/11
  3962 | D:4      | Noticed an ogre
  3988 | D:4      | Mangled by an ogre

Levels and vault maps discovered:
D:1:      ncdulo_halloftheorcs, layout_basic, serial_curves, eino_curves_01,
          eino_curves_02, nrook_uturn, hex_medium
D:2:      layout_rooms, lemuel_doored_altar, first_ration, serial_bayou_pond_b
D:3:      layout_loops_cross, grunt_nemelex_the_gamble
D:4:      layout_basic, serial_shops, nicolae_shop_window_shopping,
          cheibrodos_sewer_entry_drain

Skill      XL: |  1  2  3  4  5 |
---------------+----------------+-----
Earth Magic    | 3 4 |  4.5
Dodging        | 2 3 |  3.0
Spellcasting   | 2 |  2.8
Fighting       | 1 |  1.9
Stealth        | |  1.7
Transmutations | |  0.8

Action                   |  1- 3 |  4- 6 || total
-------------------------+-------+-------++-------
Melee: Unarmed           |    14 |       ||    14
       Short sword       |   114 |    88 ||   202
 Cast: Sandblast         |    34 |    17 ||    51
       Stone Arrow       |       |    16 ||    16
  Use: Scroll            |       |     5 ||     5
       Potion            |       |     2 ||     2
 Stab: Sleeping          |     4 |     4 ||     8
       Distracted        |       |     1 ||     1
  Eat: Chunk             |     4 |     7 ||    11
Armor: Robe              |    24 |    25 ||    49
Dodge: Dodged            |   112 |    64 ||   176
Block: Other             |       |     5 ||     5

Table legend:
 A = Non-vault XP
 B = Vault XP
 C = Vault XP percentage of total XP
 D = Non-vault monster count
 E = Vault monster count
 F = Vault count percentage of total count
                 A         B        C        D         E       F
            +---------+---------+-------+---------+---------+-------
      Total |     270 |     120 |  30.8 |      58 |      29 |  33.3
            +---------+---------+-------+---------+---------+-------
        D:1 |      49 |       0 |   0.0 |      29 |       0 |   0.0
        D:2 |      31 |       7 |  18.4 |      11 |       4 |  26.7
        D:3 |      38 |       0 |   0.0 |      10 |       0 |   0.0
        D:4 |     152 |       3 |   1.9 |       8 |       2 |  20.0
      Sewer |       0 |     110 | 100.0 |       0 |      23 | 100.0
            +---------+---------+-------+---------+---------+-------
